 Dungeon Crawl Stone Soup version 0.23.2 (webtiles) character file.

Game seed: 14818213695585904519

185 lysyklops the Covered (level 5, 0/47 HPs)
             Began as a Minotaur Fighter on Apr 6, 2019.
             Slain by an iguana (10 damage)
             ... on level 6 of the Dungeon.
             The game lasted 00:02:55 (1696 turns).

lysyklops the Covered (Minotaur Fighter)            Turns: 1696, Time: 00:02:56

Health: 0/47       AC:  8    Str: 22    XL:     5   Next: 37%
Magic:  4/4        EV:  7    Int:  5    God:
Gold:   150        SH:  9    Dex:  9    Spells: 4/4 levels left

rFire    . . .     SeeInvis .   a - +0 flail
rCold    . . .     Gourm    .   c - +0 shield
rNeg     . . .     Faith    .   b - +0 scale mail
rPois    .         Spirit   .   (helmet restricted)
rElec    .         Reflect  .   (no cloak)
rCorr    .         Harm     .   (no gloves)
MR       .....                  m - +0 pair of boots
Stlth    ..........             (no amulet)
HPRegen  0.15/turn              (no ring)
MPRegen  0.09/turn              (no ring)

@: no status effects
A: retaliatory headbutt, horns 2
a: no special abilities


You were on level 6 of the Dungeon.
You were hungry.

You visited 1 branch of the dungeon, and saw 4 of its levels.

You collected 150 gold pieces.

Inventory:

Hand Weapons
 a - a +0 flail (weapon)
Armour
 b - a +0 scale mail (worn)
 c - a +0 shield (worn)
 m - a +0 pair of boots (worn)
 p - a +2 large shield
Jewellery
 n - an uncursed ring of magical power {unknown}
 q - an uncursed ring of protection from fire {unknown}
Scrolls
 e - a scroll of fear {unknown}
 g - 4 scrolls of identify {unknown}
 h - 2 scrolls of enchant armour {unknown}
 j - 2 scrolls of teleportation {unknown}
 r - a scroll of remove curse {unknown}
Potions
 d - a potion of might
 i - 3 potions of haste {unknown}
 k - 3 potions of curing {unknown}
 l - 3 potions of heal wounds {unknown}
 o - a potion of ambrosia {unknown}
Comestibles
 f - 7 rations


   Skills:
 + Level 4.8 Fighting
 + Level 4.0 Maces & Flails
 + Level 4.8 Armour
 + Level 4.8 Shields


You had 4 spell levels left.
You didn't know any spells.
Your spell library was empty.

Dungeon Overview and Level Annotations

Branches:
Dungeon (3/15)

Altars:
Ashenzari
Zin
The Shining One


Innate Abilities, Weirdness & Mutations

You reflexively headbutt those who attack you in melee.
You have a pair of horns on your head.


Message History

Your life force feels restored.
You block the orc's attack.
The iguana hisses menacingly.
The iguana bites you! Something hits you but does no damage.
The orc hits you but does no damage.
A shadow imp comes into view.
You block the orc's attack.
The shadow imp shouts, "Begone, thou venomed rude-growing walking sirloin!"
You hit the orc. You headbutt the orc.
You kill the orc!
The iguana bites you!
* * * LOW HITPOINT WARNING * * *
Something hits you.
* * * LOW HITPOINT WARNING * * *
You block the orc's attack.
You hit the orc.
The orc is moderately wounded.
You block the iguana's attack. Something hits you but does no damage.
You block the orc's attack. The iguana bites you!
You die...

#### .....
####### .....
#.....#
......#.....#
......#.....#
.....ol.....+
..#####@....###
......?o)......
.....=.........
...............
...............
.......5.....(.
...............
...............
...............


You could see an iguana, a shadow imp and 2 orcs.

Vanquished Creatures
  A bullfrog (D:6)
  5 adders
  An adder zombie (D:6)
  A worm (D:3)
  3 orcs
  7 bats
  2 giant cockroaches (D:1)
  13 goblins
  8 hobgoblins
  7 jackals
  5 kobolds
  3 frilled lizards
  10 rats
66 creatures vanquished.

Notes
Turn   | Place    | Note
-------+----------+-------------------------------------------
     0 | D:1      | lysyklops the Minotaur Fighter began the quest for the Orb.
     0 | D:1      | Reached XP level 1. HP: 19/19 MP: 0/0
    71 | D:1      | Reached XP level 2. HP: 27/27 MP: 1/1
   356 | D:1      | Reached XP level 3. HP: 33/33 MP: 2/2
   363 | D:1      | Found a shattered altar of Ashenzari.
   733 | D:2      | Found a glowing silver altar of Zin.
   808 | D:2      | Reached XP level 4. HP: 28/40 MP: 3/3
  1673 | D:3      | Found a glowing golden altar of the Shining One.
  1674 | D:3      | You fall through a shaft for 3 floors!
  1674 | D:6      | Noticed a bullfrog
  1681 | D:6      | Killed a bullfrog
  1681 | D:6      | Reached XP level 5. HP: 38/47 MP: 4/4
  1696 | D:6      | Slain by an iguana

Skill      XL: |  1  2  3  4 |
---------------+-------------+-----
Armour         | 4 |  4.8
Shields        | 4 |  4.8
Fighting       | 4 |  4.8
Maces & Flails | 3 4 |  4.0

Action                   |  1- 3 |  4- 6 || total
-------------------------+-------+-------++-------
Melee: Flail             |    92 |    77 ||   169
       Headbutt          |    16 |    13 ||    29
  Eat: Chunk             |       |     2 ||     2
Armor: Scale mail        |    38 |    48 ||    86
Dodge: Dodged            |    31 |    26 ||    57
Block: Shield            |    49 |    65 ||   114
